 Dungeon Crawl Stone Soup version 0.22-a0-354-g30dfbe6 (webtiles) character file.

412 4thArraOfDagon the Firebug (level 6, -1/36 HPs)
             Began as an Octopode Fire Elementalist on Apr 16, 2018.
             Slain by a centaur (2 damage)
             ... on level 6 of the Dungeon.
             The game lasted 00:05:35 (1083 turns).

4thArraOfDagon the Firebug (OpFE)                   Turns: 1083, Time: 00:05:36

Health: -1/36      AC:  3    Str:  8    XL:     6   Next: 90%
Magic:  0/11       EV: 13    Int: 24    God:
Gold:   114        SH:  0    Dex: 12    Spells: 0/11 levels left

rFire    + + .     SeeInvis .   h - +1 war axe "Xulentoi" {freeze, rF++ Int+5 Stlth-} (curse)
rCold    . . .     Gourm    .   (no shield)
rNeg     . . .     Faith    .   (helmet restricted)
rPois    .         Spirit   .   (no amulet)
rElec    .         Reflect  .   f - ring of protection from magic
rCorr    .         Harm     .   g - ring of stealth
MR       +....     Rnd*Tele +   j - ring of teleportation (curse)
Stlth    +++.......             k - +2 ring of protection
HPRegen  0.12/turn              (no ring)
MPRegen  0.12/turn              (no ring)
                                (no ring)
                                (no ring)

@: very slightly contaminated
A: almost no armour, stealthy swim, amphibious, 8 rings, constrict 8, camouflage
1, gelatinous body 1
a: no special abilities


You were on level 6 of the Dungeon.
You were not hungry.

You visited 1 branch of the dungeon, and saw 6 of its levels.

You collected 114 gold pieces.

Inventory:

Hand Weapons
 e - a +0 dagger of electrocution
 h - the cursed +1 war axe "Xulentoi" (weapon) {freeze, rF++ Int+5 Stlth-}
   (You found it on level 5 of the Dungeon)

   It has been specially enchanted to freeze those struck by it, causing extra
   injury to most foes and up to half again as much damage against particularly
   susceptible opponents.
   It can also slow down cold-blooded creatures.
   It affects your intelligence (+5).
   It greatly protects you from fire.
   It makes you less stealthy.
   It has a curse placed upon it.
 i - a +0 war axe
Armour
 d - a +0 large shield
Jewellery
 f - a ring of protection from magic (left tentacle)
 g - a ring of stealth (right tentacle)
 j - a cursed ring of teleportation (on tentacle)
 k - a +2 ring of protection (on tentacle)
Scrolls
 a - a scroll of teleportation
 c - 3 scrolls of identify
Potions
 l - a potion of lignification {unknown}
Comestibles
 b - 2 rations


   Skills:
 - Level 2.0 Dodging
 - Level 2.6 Stealth
 + Level 3.3 Spellcasting
 * Level 4.3 Conjurations
 * Level 5.2 Fire Magic


You couldn't memorise any spells.
You knew the following spells:

 Your Spells              Type           Power        Failure   Level  Hunger
a - Flame Tongue          Conj/Fire      ####.        1%          1    None
b - Conjure Flame         Conj/Fire      ####....     4%          3    ###....
c - Sticky Flame          Conj/Fire      ####....     14%         4    ####...
d - Regeneration          Chrm/Necr      #.........   30%         3    ###....


Dungeon Overview and Level Annotations

Branches:
Dungeon (6/15)
 Temple: D:4-7

Altars:
Hepliaklqana
Sif Muna


Innate Abilities, Weirdness & Mutations

You cannot wear most types of armour.
You are very stealthy in the water. (Stealth+)
You are amphibious.
You can wear up to eight rings at the same time.
You can use your tentacles to constrict eight enemies at once.
Your skin changes colour to match your surroundings (Stealth+).
Your rubbery body absorbs attacks. (AC +1, EV +1)


Message History

* * * LOW HITPOINT WARNING * * *
Unknown command.
The phantom hits you!
* * * LOW HITPOINT WARNING * * *
Unknown command.
Your surroundings suddenly seem different.
The centaur unwields an uncursed shortbow.
The centaur hits you but does no damage.
The centaur barely misses you.
Unknown command.
Casting: Flame Tongue (safe; 1% risk of failure)
Confirm with . or Enter, or press ? or * to list all spells.
Aiming: Sticky Flame (safe; 14% risk of failure)
Press: ? - help, Shift-Dir - straight line, f - centaur
Aim: a centaur The sticky flame hits the centaur.
The centaur is lightly wounded.
The centaur is covered in liquid flames!
The centaur burns!
The centaur hits you.
You die...

##..........
##..........
#..........#
#..........##
#...........##
#............###
#..............#
#....?<....c.##
..#........@...#
####.#######.#
#. #. .. .# #.


You could see a centaur (burning).

Vanquished Creatures
  An ogre (D:5)
  A scorpion (D:5)
  2 crimson imps (D:5)
  A bullfrog zombie (D:5)
  An orc priest (D:5)
  An orc wizard (D:5)
  A gnoll shaman (D:4)
  A worker ant (D:5)
  A gnoll (D:5)
  2 adders
  A shadow imp (D:5)
  A worm (D:5)
  A leopard gecko (D:5)
  3 orcs
  2 ball pythons
  3 giant cockroaches
  2 goblins (D:2)
  3 hobgoblins
  3 jackals (D:3)
  5 kobolds
  2 bats
  2 rats (D:3)
40 creatures vanquished.

Notes
Turn   | Place    | Note
-------+----------+-------------------------------------------
     0 | D:1      | 4thArraOfDagon the Octopode Fire Elementalist began the quest for the Orb.
     0 | D:1      | Reached XP level 1. HP: 11/11 MP: 3/3
    62 | D:2      | Noticed an orc priest
    63 | D:2      | Noticed an orc priest
   131 | D:2      | Reached XP level 2. HP: 17/17 MP: 3/5
   284 | D:3      | Reached XP level 3. HP: 21/21 MP: 1/6
   305 | D:3      | Learned a level 3 spell: Conjure Flame
   447 | D:5      | Entered Level 5 of the Dungeon
   457 | D:5      | Reached XP level 4. HP: 27/27 MP: 4/7
   482 | D:5      | Reached skill level 4 in Fire Magic
   565 | D:5      | Reached XP level 5. HP: 27/31 MP: 0/9
   616 | D:5      | Found a deep blue altar of Sif Muna.
   616 | D:5      | Found a hazy altar of Hepliaklqana.
   664 | D:5      | Learned a level 4 spell: Sticky Flame
   667 | D:5      | Noticed an ogre
   695 | D:5      | Killed an ogre
   695 | D:5      | Reached XP level 6. HP: 10/36 MP: 0/10
   722 | D:5      | Noticed a phantom
   722 | D:5      | Noticed an ice beast
   758 | D:5      | Got an encrusted war axe
   771 | D:4      | Identified the cursed +1 war axe "Xulentoi" {freeze, rF++ Int+5 Stlth-} (You found it on level 5 of the Dungeon)
   828 | D:5      | Reached skill level 5 in Fire Magic
  1045 | D:5      | Learned a level 3 spell: Regeneration
  1081 | D:6      | HP: 1/36 [phantom (8)]
  1083 | D:6      | Slain by a centaur

Vault maps used:
D:1:      elethiomel_arrival_shortcut
D:2:      serial_forest, infiniplex_forest_lined_2, infiniplex_forest_lined_3,
          infiniplex_forest_end_3, infiniplex_forest_straight_2,
          infiniplex_forest_clump_curved, guppyfry_early_orc_mine, uniq_sigmund
D:3:      first_ration, uniq_natasha
D:4:      cheibrodos_old_hovel, serial_shops, kennysheep_mini_moat, uniq_edmund,
          uniq_blork_the_orc, uniq_robin
D:5:      yredelemnul_forgotten_temple_becter,
          chequers_temple_overflow_statue_of_worship
D:6:      minmay_temple_entry_enclosed_plants, trog_butcher_becter,
          uniq_menkaure, uniq_pikel

Skill      XL: |  1  2  3  4  5  6 |
---------------+-------------------+-----
Conjurations   | 2 3 4 |  4.3
Fire Magic     | 4 5 |  5.2
Spellcasting   | 3 |  3.3
Dodging        | |  2.0
Stealth        | |  2.6

Action                   |  1- 3 |  4- 6 || total
-------------------------+-------+-------++-------
Melee: Unarmed           |    19 |    11 ||    30
       Tentacles         |     5 |     9 ||    14
       Constrict         |     4 |     7 ||    11
       Dagger            |       |     8 ||     8
       War axe           |       |    12 ||    12
 Cast: Flame Tongue      |    22 |    28 ||    50
       Conjure Flame     |       |     2 ||     2
       Sticky Flame      |       |     3 ||     3
       Regeneration      |       |     1 ||     1
  Use: Potion            |       |     2 ||     2
       Scroll            |       |     2 ||     2
 Stab: Sleeping          |     1 |     1 ||     2
  Eat: Ration            |       |     1 ||     1
Armor: Skin              |       |     2 ||     2
Dodge: Dodged            |    15 |    34 ||    49

Table legend:
 A = Spawn XP
 B = Non-spawn XP
 C = Spawn XP percentage of total XP
 D = Spawn monster count
 E = Non-spawn monster count
 F = Spawn count percentage of total count
 G = Total turns spent on level
                    A         B        C        D         E        F      G
               +---------+---------+-------+---------+---------+-------+---------
         Total |       0 |     589 |   0.0 |       0 |      40 |   0.0 |  1083
               +---------+---------+-------+---------+---------+-------+---------
           D:1 |       0 |       1 |   0.0 |       0 |       1 |   0.0 |    26
           D:2 |       0 |      16 |   0.0 |       0 |       8 |   0.0 |   133
           D:3 |       0 |      33 |   0.0 |       0 |      12 |   0.0 |   206
           D:4 |       0 |      45 |   0.0 |       0 |       4 |   0.0 |   195
           D:5 |       0 |     494 |   0.0 |       0 |      15 |   0.0 |   512
               +---------+---------+-------+---------+---------+-------+---------
